 Dungeon Crawl Stone Soup version 0.30-a0-721-ga6a225cb13 (webtiles) character file.

Game seed: 8249891732987375575

795 vineage the Trooper (level 7, -1/48 HPs)
             Began as a Gargoyle Fighter on Jan 27, 2023.
             Shot with an arrow by a centaur (6 damage)
             ... on level 5 of the Dungeon.
             The game lasted 00:04:57 (3695 turns).

vineage the Trooper (Gargoyle Fighter)              Turns: 3695, Time: 00:04:57

Health: -1/48      AC: 16    Str: 27    XL:     7   Next: 89%
Magic:  7/7        EV:  6    Int:  9    God:
Gold:   280        SH:  5    Dex:  9    Spells: 6/6 levels left

rFire   + . .      SeeInvis .    a - +0 flail (venom)
rCold   + . .      Faith    .    c - +1 buckler
rNeg    + . .      Spirit   .    l - +0 plate armour
rPois   ∞          Reflect  .    (no helmet)
rElec   +          Harm     .    (no cloak)
rCorr   .          Rampage  .    (no gloves)
Will    .....                    (no boots) Stlth
                                 (no amulet)
HPRegen 0.28/turn                k - +6 ring of strength
MPRegen 0.10/turn                i - ring of protection from cold

@: no status effects
A: sickness immunity, AC +4, negative energy resistance 1, electricity
resistance, torment resistance 1, petrification resistance, fire resistance 1,
subdued magic 1
a: no special abilities


You were on level 5 of the Dungeon.
You visited 1 branch of the dungeon, and saw 5 of its levels.
You also visited: Ossuary.

You collected 280 gold pieces.

Inventory:

Hand Weapons
 a - a +0 flail of venom (weapon)
Armour
 c - a +1 buckler (worn)
 l - a +0 plate armour (worn)
Jewellery
 i - a ring of protection from cold (right hand)
 j - a ring of ice
 k - a +6 ring of strength (left hand)
Wands
 p - a wand of polymorph (3)
 s - a wand of flame (24)
Scrolls
 e - 2 scrolls of enchant armour
 g - a scroll of immolation
 n - a scroll of vulnerability
 o - 3 scrolls of teleportation
Potions
 b - a potion of flight {unknown}
 d - 2 potions of might
 f - 4 potions of curing
 h - a potion of brilliance {unknown}
 m - 2 potions of cancellation {unknown}
 q - a potion of haste {unknown}
 r - a potion of mutation


   Skills:
 * Level 7.4 Fighting
 * Level 6.3 Maces & Flails
 - Level 3.2 Armour
 - Level 3.2 Shields


You had 6 spell levels left.
You didn't know any spells.
Your spell library contained the following spells:

 Spells                   Type           Power      Damage    Failure   Level
 Ensorcelled Hibernation  Hex/Ice        0%         N/A       100%        2
 Passwall                 Tmut/Erth      0%         N/A       100%        2
 Call Canine Familiar     Summ           0%         N/A       100%        3
 Portal Projectile        Hex/Tloc       0%         N/A       100%        3
 Swiftness                Air            0%         N/A       100%        3
 Leda's Liquefaction      Hex/Erth       0%         N/A       100%        4


Dungeon Overview and Level Annotations

Branches:
Dungeon (5/15)            Ossuary (visited)
 Temple: D:4-7

Altars:
Uskayaw

Shops:
D:2 (*?*   D:4 (=[


Innate Abilities, Weirdness & Mutations

You are immune to sickness and miasma.
Your stone body is resilient. (AC +4)
You are immune to poison.
You resist negative energy. (rN+)
You are resistant to electric shocks. (rElec)
You are resistant to unholy torment.
You are immune to petrification.
Your flesh is heat resistant. (rF+)
Your spells are a little easier to cast, but a little less powerful.


Message History

The centaur shoots an arrow.
The arrow barely misses you.
You barely miss the orc priest.
The orc priest is severely wounded.
The centaur shoots an arrow.
You block the arrow.
The orc priest invokes the aid of Beogh against you.
Beogh smites you!
* * * LOW HITPOINT WARNING * * *
You are too injured to fight recklessly!
You are too injured to fight recklessly!
You are too injured to fight recklessly!
You are too injured to fight recklessly!
You are too injured to fight recklessly!
You are too injured to fight recklessly!
You are too injured to fight recklessly!
You are too injured to fight recklessly!
You are too injured to fight recklessly!
You are too injured to fight recklessly!
You are too injured to fight recklessly!
You are too injured to fight recklessly!
You are too injured to fight recklessly!
You are too injured to fight recklessly!
You are too injured to fight recklessly!
You are too injured to fight recklessly!
You are too injured to fight recklessly!
You are too injured to fight recklessly!
You are too injured to fight recklessly!
You are too injured to fight recklessly!
You are too injured to fight recklessly!
You are too injured to fight recklessly!
You are too injured to fight recklessly!
You are too injured to fight recklessly!
You are too injured to fight recklessly!
You closely miss the orc priest.
The orc priest is almost dead.
The centaur shoots an arrow.
You block the arrow.
The orc priest mumbles some strange prayers to Beogh against you.
Beogh smites you!
* * * LOW HITPOINT WARNING * * *
The centaur shoots an arrow.
The arrow hits you.
You die...

#................
.#
#................
[#
##..............#
#.#
#..............#
#..#
#............###
#..
##..........##
#.##.........###
##.).......####
#..@.....###
#..o#)...##
#.......<..#
#..:.........<#
................
................
..............c.
................


You could see a centaur and an orc priest (extremely poisoned).

Vanquished Creatures
  3 scorpions (D:4)
  A human zombie (Ossuary)
  A hound (D:5)
  2 orc priests (D:5)
  2 centaur zombies (Ossuary)
  A jelly (D:4)
  Jessica (D:3)
  2 iguanas (D:4)
  2 orc wizards
  3 mummies
  3 gnolls (D:3)
  8 adders
  3 adder zombies (Ossuary)
  4 worms
  4 dart slugs
  9 orcs
  9 endoplasms
  7 giant cockroaches
  4 goblins
  7 hobgoblins
  2 jackals (D:1)
  3 quokkas
  7 ball pythons
  4 bats
  2 frilled lizards
  A goblin zombie (Ossuary)
  12 hobgoblin zombies
  2 jackal zombies (Ossuary)
  6 kobolds
  5 kobold zombies (Ossuary)
  9 orc zombies
  4 rats
  3 rat zombies (Ossuary)
136 creatures vanquished.

Notes
Turn   | Place    | Note
-------+----------+-------------------------------------------
     0 | D:1      | vineage the Gargoyle Fighter began the quest for the Orb.
     0 | D:1      | Reached XP level 1. HP: 14/14 MP: 1/1
   124 | D:1      | Reached XP level 2. HP: 19/19 MP: 2/2
   424 | D:2      | Found Urariuli's Magic Scroll Shoppe.
   428 | D:2      | Found Loerypua's Assorted Antiques.
   431 | D:2      | Reached XP level 3. HP: 19/24 MP: 3/3
   433 | D:2      | Reached skill level 4 in Fighting
   535 | D:2      | Found Qetocy's Assorted Antiques.
   799 | D:2      | Reached XP level 4. HP: 28/30 MP: 4/4
   967 | D:2      | Found Piconoihie's Weapon Boutique.
  1231 | D:3      | Gained mutation: Your flesh is heat resistant. (rF+)
                  | [potion of mutation]
  1231 | D:3      | Gained mutation: Your spells are a little easier to cast,
                  | but a little less powerful. [potion of mutation]
  1342 | D:3      | Reached skill level 5 in Fighting
  1342 | D:3      | Reached XP level 5. HP: 19/35 MP: 5/5
  1427 | D:3      | Found a hide-covered altar of Uskayaw.
  1512 | D:3      | Noticed Jessica
  1530 | D:3      | Killed Jessica
  1981 | D:4      | Reached XP level 6. HP: 41/41 MP: 6/6
  2002 | D:4      | Found Magevuw's Weapon Emporium.
  2087 | D:4      | Found a sand-covered staircase.
  2131 | Ossuary  | Entered an ossuary
  2539 | Ossuary  | Reached skill level 6 in Fighting
  2539 | Ossuary  | Reached skill level 5 in Maces & Flails
  2579 | Ossuary  | Reached XP level 7. HP: 34/47 MP: 7/7
  2743 | D:4      | Found Suicatabb's Jewellery Shoppe.
  2836 | D:4      | Found Noaw Qacw's Armour Boutique.
  3301 | D:4      | Reached skill level 7 in Fighting
  3437 | D:5      | Entered Level 5 of the Dungeon
  3695 | D:5      | Shot with an arrow by a centaur

Illustrated notes

Levels and vault maps discovered:
D:1:      lordsloth_arrival_two_stooges, layout_basic
D:2:      minmay_razor_zed, layout_rooms, serial_shops,
          nicolae_shop_window_shopping, shop, shop, shop
D:3:      layout_loops_ring, mainiacjoe_overflow_concentric_impassable,
          serial_aquarium, aquarium_bridge_long_joined
          [aquarium_subvault_bridge, aquarium_subvault_bridge,
          aquarium_subvault_balcony, aquarium_subvault_bridge,
          aquarium_subvault_bridge, aquarium_subvault_wall],
          aquarium_bridge_square [aquarium_subvault_window,
          aquarium_subvault_bridge, aquarium_subvault_wall,
          aquarium_subvault_wall], aquarium_window_2, aquarium_window_fake,
          aquarium_view_2d, aquarium_balcony_5b, uniq_jessica
D:4:      layout_basic, serial_shops, shop, shop, nicolae_take_the_stairs,
          nicolae_ossuary_entry_giza, chequers_mini_garden
D:5:      layout_cave_pods, zin_scriptorium, kennysheep_generic_room_12

Skill      XL: |  1  2  3  4  5  6  7 |
---------------+----------------------+-----
Fighting       | 4 5 6 7 |  7.4
Maces & Flails | 3 4 5 6 |  6.3
Armour         | |  3.2
Shields        | |  3.2

Action                     |  1- 3 |  4- 6 |  7- 9 || total
---------------------------+-------+-------+-------++-------
  Melee: Flail             |    90 |   210 |   106 ||   406
    Use: Scroll            |     4 |     5 |     2 ||    11
         Potion            |       |     3 |       ||     3
 Armour: Scale mail        |    38 |       |       ||    38
         Plate armour      |     7 |   192 |    85 ||   284
  Dodge: Dodged            |    48 |    80 |    37 ||   165
  Block: Buckler           |    23 |    57 |    22 ||   102

Table legend: (Time is in decaauts)
 A = Elapsed time spent in this place.
 B = Non-inter-level travel time spent in this place.
 C = Inter-level travel time spent in this place.
 D = Time resting spent in this place.
 E = Time spent auto-exploring this place.
 F = Levels seen in this place.
 G = Mean time per level.
                   A        B        C        D        E       F      G
               +--------+--------+--------+--------+--------+-----+--------+
         Total |   3782 |   3613 |    169 |    367 |   2344 |   6 |  630.3 |
       Dungeon |   3160 |   2991 |    169 |    100 |   2186 |   5 |  632.0 |
       Ossuary |    621 |    621 |      0 |    267 |    158 |   1 |  621.0 |
               +--------+--------+--------+--------+--------+-----+--------+

Top non-repeatable levels by time:
     D:4: 871 daAuts
     D:3: 802 daAuts
     D:2: 801 daAuts
 Ossuary: 621 daAuts
     D:1: 422 daAuts
     D:5: 263 daAuts
